Lightnings vs Canadiens

Created - 25 novembre 2021 at 17:40

Goals
1 2 3 T
Lightnings 1 0 0 1
Canadiens 1 3 1 5
Shots
1 2 3 T
Lightnings 12 8 3 23
Canadiens 10 20 12 42

GoalsPenalties
1st period
1. Canadiens , Auston Matthews 11 (John Carlson 6, Zach Hyman 10) at 13:34
2. Lightnings , Artemi Panarin 4 (Shea Theodore 6, Victor Hedman 7) at 14:57
MacKenzie Weegar (TAM) for Slashing (Minor) at 9:40
2nd period
3. Canadiens , Kasperi Kapanen 2 (Morgan Rielly 10, Jonathan Huberdeau 5) at 2:58
4. Canadiens , Jake Muzzin 4 (Jonathan Huberdeau 6, Auston Matthews 19) at 4:44 (PP)
5. Canadiens , Kasperi Kapanen 3 (Brayden Schenn 7, Carson Soucy 5) at 13:57
Vincent Trocheck (TAM) for Hooking (Minor) at 3:14
Josh Anderson (TAM) for Goalie Interference (Minor) at 8:03
Josh Anderson (TAM) for Interference (Minor) at 16:12
3rd period
6. Canadiens , Auston Matthews 12 (John Carlson 7, Morgan Rielly 11) at 10:04 (PP)
Zach Hyman (MON) for High sticking (Minor) at 0:25
Shea Theodore (TAM) for Tripping (Minor) at 5:32
Victor Hedman (TAM) for Tripping (Minor) at 8:45
Goalie Stats
Andrei Vasilevskiy (TAM), 37 saves from 42 shots - (0,881), L, 8-3-2, 60:00 minutes
Cam Talbot (MON), 22 saves from 23 shots - (0,957), W, 8-1-3, 60:00 minutes
3 StarsOfficial
1 - Auston Matthews (MON)
2 - Kasperi Kapanen (MON)
3 - Jonathan Huberdeau (MON)
Referees : Mike Hasenfratz and Jean Hebert
Linesman : Vaughan Rody and Andy McElman
Game Note
No Game Note
Finance
Level 1 -- Attendance: 5000 (100,00%) -- Ticket Income 450 000 $
Level 2 -- Attendance: 3953 (98,83%) -- Ticket Income 197 650 $
Level 3 -- Attendance: 1984 (66,13%) -- Ticket Income 79 360 $
Level 4 -- Attendance: 3246 (81,15%) -- Ticket Income 81 150 $
Luxury Box -- Attendance: 705 (70,50%) -- Ticket Income 141 000 $
Game was played at the Centre Bell.
Total Attendance: 14888 (87,58%)
Total Ticket Income: 949 160 $
Other Income: 465 088 $
Total Income: 1 414 248 $



Team Name Goals Shots Shots Attemp Shots Blocked PIM HIT PP PK FO%
Lightnings 123421712250 / 1 (0%)245%
Canadiens 5429052142 / 6 (33%)055%

Lightnings
Player Name POS G A P +/- PIM HIT SHT SB MP PP MP PP SHT PK MP PK SHT FO% FOT
Artemi PanarinLW1011003016:291:1200:0000% 1
Brandon SaadLW/RW000-1001112:200:0000:0000% 1
David PerronLW/RW0000003014:401:1200:0000% 4
Evgeny KuznetsovC0001002021:090:4705:05147% 32
Jani HakanpaaD000-2050215:320:0005:3600% 0
Jesper FastRW000-2001311:160:0005:0500% 1
Josh AndersonLW/RW0000442014:130:4700:0000% 0
MacKenzie WeegarD000-1221021:450:0004:0910% 0
Mathieu PerreaultLW/RW000-203006:110:0000:0000% 1
Matt NiskanenD000-1010623:020:0005:3900% 0
Nick SuzukiC/RW0000014019:550:4705:40053% 17
Patrik NemethD000-2010111:300:0001:3400% 0
Sam ReinhartC/RW000-1002013:321:1200:000100% 1
Shea TheodoreD0111200020:290:4700:0000% 0
Timo MeierLW/RW0001041016:040:4700:000100% 1
Travis ZajacC000-2001011:510:0005:40037% 19
Victor HedmanD0111230425:401:1204:3200% 0
Vincent TrocheckC/RW000-1212013:311:1200:00064% 11
Canadiens
Player Name POS G A P +/- PIM HIT SHT SB MP PP MP PP SHT PK MP PK SHT FO% FOT
Adam HenriqueC/LW0000014016:465:2300:00070% 10
Auston MatthewsC/LW2130005119:595:2210:00055% 29
Brandon CarloD0000040016:310:0000:5700% 0
Brandon TanevLW/RW000000308:410:0000:5700% 0
Brayden SchennC/LW/RW0112000019:376:0500:00046% 13
Carson SoucyD0111000016:570:0000:5700% 0
Clayton KellerLW/RW0000003016:465:2320:000100% 2
Jake MuzzinD1010026122:416:0551:0200% 0
John CarlsonD0221015120:524:3840:0000% 0
Jonathan HuberdeauLW0222013018:545:2200:0000% 0
Kasperi KapanenLW/RW2022005014:340:0001:0200% 0
Lucas WallmarkC000000008:460:0001:02050% 8
Luke KuninC/RW000000007:440:0000:00050% 2
Matt RoyD0001010216:320:0201:0200% 0
Mitch MarnerRW0000010019:595:2200:0000% 1
Morgan RiellyD0221006020:224:4050:0000% 0
Radek FaksaC0000001012:200:0000:57055% 20
Zach HymanLW/RW0110231019:595:2310:00050% 4

Lightnings

5 vs 5 Forward
Line #Left WingCenterRight WingPHYDFOFWanted %Time %Time Play
1Artemi PanarinEvgeny KuznetsovTimo Meier0143032%15:17
2David PerronNick SuzukiJosh Anderson0232928%13:28
3Brandon SaadVincent TrocheckSam Reinhart0322626%12:20
4Mathieu PerreaultTravis ZajacJesper Fast0411513%6:11
5 vs 5 Defense
Line #DefenseDefensePHYDFOFWanted %Time %Time Play
1Victor HedmanShea Theodore0324242%19:43
2Matt NiskanenMacKenzie Weegar0233537%17:23
3Patrik NemethJani Hakanpaa0411421%9:56
4Victor HedmanMacKenzie Weegar03290%0:14
Power Play Forward
Line #Left WingCenterRight WingPHYDFOFWanted %Time %Time Play
1Artemi PanarinVincent TrocheckSam Reinhart0055061%1:12
2Timo MeierEvgeny KuznetsovNick Suzuki0055039%0:47
Power Play Defense
Line #DefenseDefensePHYDFOFWanted %Time %Time Play
1Victor HedmanDavid Perron0145061%1:12
2Shea TheodoreJosh Anderson0145039%0:47
Penalty Kill 4 Players Forward
Line #CenterWingPHYDFOFWanted %Time %Time Play
1Travis ZajacNick Suzuki0415053%5:40
2Evgeny KuznetsovJesper Fast1315047%5:05
Penalty Kill 4 Players Defense
Line #DefenseDefensePHYDFOFWanted %Time %Time Play
1Victor HedmanMacKenzie Weegar1225048%5:09
2Matt NiskanenJani Hakanpaa1315052%5:36
Penalty Kill 3 Players
Line #WingPHYDFOFWanted %Time %Time PlayDefenseDefensePHYDFOFWanted %Time %Time Play
1Evgeny Kuznetsov041500%0:00 Victor HedmanMacKenzie Weegar050500%0:00
2Vincent Trocheck041500%0:00 Matt NiskanenPatrik Nemeth041500%0:00
4 vs 4 Forward
Line #CenterWingPHYDFOFWanted %Time %Time Play
1Vincent TrocheckDavid Perron023500%0:00
2Travis ZajacTimo Meier122500%0:00
4 vs 4 Defense
Line #DefensePHYDFOFWanted %Time %Time Play
1Victor HedmanPatrik Nemeth131500%0:00
2Matt NiskanenMacKenzie Weegar122500%0:00
Last Minutes Offensive
Left WingCenterRight WingDefenseDefense
Artemi PanarinVincent TrocheckTimo MeierVictor HedmanDavid Perron
Last Minutes Defensive
Left WingCenterRight WingDefenseDefense
Brandon SaadTravis ZajacVincent TrocheckVictor HedmanMacKenzie Weegar
Time
Total ForwardTotal DefenseLast Minutes OffensiveLast Minutes Defensive
60:00 60:00 0:000:00
Extra Forwards
Normal PowerPlayPenalty Kill
Josh Anderson, David Perron, Sam ReinhartTravis Zajac, David PerronSam Reinhart
Extra Defensemen
Normal PowerPlayPenalty Kill
Shea Theodore, MacKenzie Weegar, Matt NiskanenShea Theodore, Patrik NemethMatt Niskanen
Penalty Shots
Artemi Panarin, Evgeny Kuznetsov, Nick Suzuki, Sam Reinhart, David Perron
Goalie
Andrei Vasilevskiy, Jack Campbell
Custom OT Lines Forwards
Artemi Panarin, Vincent Trocheck, Evgeny Kuznetsov, Brandon Saad, Nick Suzuki, Timo Meier, David Perron, Sam Reinhart, Josh Anderson, Jesper Fast
Custom OT Lines Defensemen
Victor Hedman, MacKenzie Weegar, Matt Niskanen, Shea Theodore, Patrik Nemeth
Scratches
Ethan Bear (Healthy)

Canadiens

5 vs 5 Forward
Line #Left WingCenterRight WingPHYDFOFWanted %Time %Time Play
1Zach HymanAuston MatthewsMitch Marner0233031%14:37
2Jonathan HuberdeauBrayden SchennKasperi Kapanen0322829%13:32
3Adam HenriqueRadek FaksaClayton Keller0322424%11:23
4Brandon TanevLucas WallmarkLuke Kunin1311816%7:44
5 vs 5 Defense
Line #DefenseDefensePHYDFOFWanted %Time %Time Play
1John CarlsonCarson Soucy0233434%16:00
2Jake MuzzinBrandon Carlo0323333%15:34
3Matt RoyMorgan Rielly1223333%15:28
4John CarlsonMorgan Rielly12200%0:14
Power Play Forward
Line #Left WingCenterRight WingPHYDFOFWanted %Time %Time Play
1Jonathan HuberdeauAuston MatthewsMitch Marner0145050%5:22
2Zach HymanAdam HenriqueClayton Keller0145050%5:23
Power Play Defense
Line #DefenseDefensePHYDFOFWanted %Time %Time Play
1John CarlsonMorgan Rielly0145043%4:40
2Jake MuzzinBrayden Schenn0145057%6:05
Penalty Kill 4 Players Forward
Line #CenterWingPHYDFOFWanted %Time %Time Play
1Radek FaksaBrandon Tanev0415048%0:57
2Lucas WallmarkKasperi Kapanen0415052%1:02
Penalty Kill 4 Players Defense
Line #DefenseDefensePHYDFOFWanted %Time %Time Play
1Jake MuzzinMatt Roy0415052%1:02
2Brandon CarloCarson Soucy0415048%0:57
Penalty Kill 3 Players
Line #WingPHYDFOFWanted %Time %Time PlayDefenseDefensePHYDFOFWanted %Time %Time Play
1Radek Faksa050500%0:00 Carson SoucyBrandon Carlo050500%0:00
2Luke Kunin050500%0:00 Jake MuzzinMatt Roy050500%0:00
4 vs 4 Forward
Line #CenterWingPHYDFOFWanted %Time %Time Play
1Auston MatthewsMitch Marner023500%0:00
2Brayden SchennJonathan Huberdeau023500%0:00
4 vs 4 Defense
Line #DefensePHYDFOFWanted %Time %Time Play
1John CarlsonCarson Soucy032500%0:00
2Matt RoyMorgan Rielly032500%0:00
Last Minutes Offensive
Left WingCenterRight WingDefenseDefense
Jonathan HuberdeauAuston MatthewsMitch MarnerJohn CarlsonMorgan Rielly
Last Minutes Defensive
Left WingCenterRight WingDefenseDefense
Brandon TanevRadek FaksaLuke KuninJake MuzzinBrandon Carlo
Time
Total ForwardTotal DefenseLast Minutes OffensiveLast Minutes Defensive
60:00 60:00 0:000:00
Extra Forwards
Normal PowerPlayPenalty Kill
Clayton Keller, Kasperi Kapanen, Luke KuninClayton Keller, Kasperi KapanenKasperi Kapanen
Extra Defensemen
Normal PowerPlayPenalty Kill
Matt Roy, Carson Soucy, Brandon CarloCarson Soucy, Morgan RiellyCarson Soucy
Penalty Shots
Auston Matthews, Clayton Keller, Jonathan Huberdeau, Kasperi Kapanen, Zach Hyman
Goalie
Cam Talbot, Frederik Andersen
Custom OT Lines Forwards
Auston Matthews, Mitch Marner, Jonathan Huberdeau, Brayden Schenn, Radek Faksa, Clayton Keller, Zach Hyman, Luke Kunin, Kasperi Kapanen, Lucas Wallmark
Custom OT Lines Defensemen
John Carlson, Morgan Rielly, Jake Muzzin, Brandon Carlo, Matt Roy
Scratches
Egor Korshkov (Healthy), T.J. Brodie (Healthy), Adam Brooks (Healthy)


Play-by-Play

1st period


0:01 of 1st period - Evgeny Kuznetsov wins face-off versus Zach Hyman in neutral zone.
0:07 of 1st period - Off-side.
0:08 of 1st period - Nick Suzuki wins face-off versus Brayden Schenn in neutral zone.
0:40 of 1st period - Jonathan Huberdeau is hit by MacKenzie Weegar.
0:44 of 1st period - Shot by Brayden Schenn.
0:44 of 1st period - Shot Misses the Net.
1:11 of 1st period - Icing by MacKenzie Weegar.
1:12 of 1st period - Nick Suzuki wins face-off versus Auston Matthews in Lightnings zone.
1:43 of 1st period - Vincent Trocheck is hit by John Carlson.
3:14 of 1st period - Artemi Panarin is hit by Brandon Carlo and loses puck.
3:18 of 1st period - Icing by Jake Muzzin.
3:19 of 1st period - Radek Faksa wins face-off versus Travis Zajac in Canadiens zone.
3:19 of 1st period - Radek Faksa is hit by Mathieu Perreault.
3:39 of 1st period - Travis Zajac is hit by Brandon Carlo.
3:46 of 1st period - Brandon Carlo is hit by MacKenzie Weegar and loses puck.
3:55 of 1st period - Shot by Radek Faksa.
3:55 of 1st period - Stopped by Andrei Vasilevskiy with a rebound.
4:05 of 1st period - Kasperi Kapanen is hit by Mathieu Perreault and loses puck.
4:20 of 1st period - Shot by Jonathan Huberdeau.
4:20 of 1st period - Shot Misses the Net.
4:22 of 1st period - Shot by Jonathan Huberdeau.
4:22 of 1st period - Shot Blocked by Matt Niskanen.
5:28 of 1st period - Shea Theodore is hit by Zach Hyman and loses puck.
5:50 of 1st period - Icing by Brandon Tanev.
5:51 of 1st period - Vincent Trocheck wins face-off versus Lucas Wallmark in Canadiens zone.
5:52 of 1st period - Shot by Sam Reinhart.
5:52 of 1st period - Shot Misses the Net.
6:17 of 1st period - Shot by Brandon Saad.
6:17 of 1st period - Stopped by Cam Talbot without a rebound.
6:18 of 1st period - Clayton Keller wins face-off versus Nick Suzuki in Canadiens zone.
6:18 of 1st period - Clayton Keller is hit by Josh Anderson.
6:25 of 1st period - John Carlson is hit by Josh Anderson and loses puck.
6:32 of 1st period - Shot by Nick Suzuki.
6:32 of 1st period - Deflect By David Perron.
6:32 of 1st period - Stopped by Cam Talbot with a rebound.
6:34 of 1st period - Shot by Nick Suzuki.
6:34 of 1st period - Shot Blocked by John Carlson.
6:36 of 1st period - Shot by David Perron.
6:36 of 1st period - Stopped by Cam Talbot without a rebound.
6:37 of 1st period - Evgeny Kuznetsov wins face-off versus Brayden Schenn in Canadiens zone.
7:55 of 1st period - Off-side.
7:56 of 1st period - Vincent Trocheck wins face-off versus Radek Faksa in neutral zone.
8:22 of 1st period - Shot by Sam Reinhart.
8:22 of 1st period - Stopped by Cam Talbot without a rebound.
8:23 of 1st period - Zach Hyman wins face-off versus Nick Suzuki in Canadiens zone.
8:41 of 1st period - Shot by Nick Suzuki.
8:41 of 1st period - Shot Blocked by Auston Matthews.
8:47 of 1st period - Shot by Auston Matthews.
8:47 of 1st period - Stopped by Andrei Vasilevskiy without a rebound.
8:48 of 1st period - Vincent Trocheck wins face-off versus Radek Faksa in Lightnings zone.
8:59 of 1st period - Shot by Vincent Trocheck.
8:59 of 1st period - Stopped by Cam Talbot without a rebound.
9:00 of 1st period - Evgeny Kuznetsov wins face-off versus Auston Matthews in Canadiens zone.
9:01 of 1st period - Shot by Artemi Panarin.
9:01 of 1st period - Stopped by Cam Talbot without a rebound.
9:02 of 1st period - Vincent Trocheck wins face-off versus Auston Matthews in Canadiens zone.
9:19 of 1st period - Shot by Jake Muzzin.
9:19 of 1st period - Stopped by Andrei Vasilevskiy without a rebound.
9:20 of 1st period - Evgeny Kuznetsov wins face-off versus Lucas Wallmark in Lightnings zone.
9:40 of 1st period - Minor Penalty to MacKenzie Weegar for Slashing.
9:41 of 1st period - Auston Matthews wins face-off versus Travis Zajac in Lightnings zone.
9:41 of 1st period - Auston Matthews is hit by Patrik Nemeth.
9:52 of 1st period - Icing by Mitch Marner.
9:53 of 1st period - Evgeny Kuznetsov wins face-off versus Auston Matthews in Canadiens zone.
9:56 of 1st period - Shot by Evgeny Kuznetsov.
9:56 of 1st period - Stopped by Cam Talbot with a rebound.
10:12 of 1st period - Shot by Jake Muzzin.
10:12 of 1st period - Shot Blocked by Jani Hakanpaa.
10:34 of 1st period - Shot by Auston Matthews.
10:34 of 1st period - Shot Misses the Net.
11:02 of 1st period - Shot by Morgan Rielly.
11:02 of 1st period - Shot Misses the Net.
11:04 of 1st period - Shot by Clayton Keller.
11:04 of 1st period - Stopped by Andrei Vasilevskiy with a rebound.
11:17 of 1st period - Icing by Zach Hyman.
11:18 of 1st period - Zach Hyman wins face-off versus Travis Zajac in Canadiens zone.
11:35 of 1st period - Shot by John Carlson.
11:35 of 1st period - Stopped by Andrei Vasilevskiy without a rebound.
11:36 of 1st period - Evgeny Kuznetsov wins face-off versus Auston Matthews in Lightnings zone.
13:00 of 1st period - Shot by Kasperi Kapanen.
13:00 of 1st period - Stopped by Andrei Vasilevskiy with a rebound.
13:28 of 1st period - Shot by Mitch Marner.
13:28 of 1st period - Shot Blocked by Matt Niskanen.
13:30 of 1st period - Shot by Zach Hyman.
13:30 of 1st period - Shot Misses the Net.
13:34 of 1st period - Shot by Auston Matthews.
13:34 of 1st period - Goal by Auston Matthews - Lightnings : 0 - Canadiens : 1.
13:35 of 1st period - Nick Suzuki wins face-off versus Radek Faksa in neutral zone.
13:42 of 1st period - Shot by David Perron.
13:42 of 1st period - Deflect By Nick Suzuki.
13:42 of 1st period - Shot Misses the Net.
13:44 of 1st period - Shot by Nick Suzuki.
13:44 of 1st period - Shot Misses the Net.
13:55 of 1st period - Off-side.
13:56 of 1st period - Evgeny Kuznetsov wins face-off versus Zach Hyman in neutral zone.
13:59 of 1st period - Auston Matthews is hit by Timo Meier and loses puck.
14:06 of 1st period - Shot by Evgeny Kuznetsov.
14:06 of 1st period - Stopped by Cam Talbot without a rebound.
14:07 of 1st period - Nick Suzuki wins face-off versus Radek Faksa in Canadiens zone.
14:17 of 1st period - Shot by Nick Suzuki.
14:17 of 1st period - Stopped by Cam Talbot without a rebound.
14:18 of 1st period - Auston Matthews wins face-off versus Evgeny Kuznetsov in Canadiens zone.
14:25 of 1st period - Shot by Auston Matthews.
14:25 of 1st period - The goal is going for a video replay.
14:25 of 1st period - The goal is refused.
14:26 of 1st period - Auston Matthews wins face-off versus Evgeny Kuznetsov in Lightnings zone.
14:57 of 1st period - Shot by Artemi Panarin.
14:57 of 1st period - Goal by Artemi Panarin - Lightnings : 1 - Canadiens : 1.
14:58 of 1st period - Radek Faksa wins face-off versus Nick Suzuki in neutral zone.
15:06 of 1st period - Adam Henrique is hit by Jani Hakanpaa and loses puck.
15:11 of 1st period - Shot by Adam Henrique.
15:11 of 1st period - Stopped by Andrei Vasilevskiy without a rebound.
15:12 of 1st period - Travis Zajac wins face-off versus Brayden Schenn in Lightnings zone.
15:23 of 1st period - Shot by Jesper Fast.
15:23 of 1st period - Shot Misses the Net.
15:25 of 1st period - Shot by Travis Zajac.
15:25 of 1st period - Stopped by Cam Talbot without a rebound.
15:26 of 1st period - Nick Suzuki wins face-off versus Radek Faksa in Canadiens zone.
15:29 of 1st period - Shot by David Perron.
15:29 of 1st period - Stopped by Cam Talbot without a rebound.
15:30 of 1st period - Auston Matthews wins face-off versus David Perron in Canadiens zone.
16:02 of 1st period - Icing by Victor Hedman.
16:03 of 1st period - Radek Faksa wins face-off versus Nick Suzuki in Lightnings zone.
16:12 of 1st period - Shot by Clayton Keller.
16:12 of 1st period - Stopped by Andrei Vasilevskiy without a rebound.
16:13 of 1st period - Brayden Schenn wins face-off versus Evgeny Kuznetsov in Lightnings zone.
16:53 of 1st period - Shot by Artemi Panarin.
16:53 of 1st period - Shot Misses the Net.
17:07 of 1st period - Icing by Timo Meier.
17:08 of 1st period - Evgeny Kuznetsov wins face-off versus Radek Faksa in Lightnings zone.
18:05 of 1st period - David Perron is hit by Brandon Carlo and loses puck.
19:07 of 1st period - Off-side.
19:08 of 1st period - Lucas Wallmark wins face-off versus Travis Zajac in neutral zone.
19:08 of 1st period - Lucas Wallmark is hit by Mathieu Perreault.
Goals for this period are 1 for Lightnings vs 1 for Canadiens.
Shots for this period are 12 for Lightnings vs 10 for Canadiens.

2nd period


0:01 of 2nd period - Nick Suzuki wins face-off versus Brayden Schenn in neutral zone.
0:04 of 2nd period - Shot by Shea Theodore.
0:04 of 2nd period - Shot Misses the Net.
0:20 of 2nd period - Shot by Kasperi Kapanen.
0:20 of 2nd period - Shot Misses the Net.
0:22 of 2nd period - Shot by Brandon Carlo.
0:22 of 2nd period - Shot Misses the Net.
0:24 of 2nd period - Shot by Brayden Schenn.
0:24 of 2nd period - Shot Blocked by Victor Hedman.
2:08 of 2nd period - Clayton Keller is hit by Timo Meier and loses puck.
2:49 of 2nd period - Shot by Brandon Tanev.
2:49 of 2nd period - Stopped by Andrei Vasilevskiy without a rebound.
2:50 of 2nd period - Brayden Schenn wins face-off versus Mathieu Perreault in Lightnings zone.
2:50 of 2nd period - Brayden Schenn is hit by Jani Hakanpaa.
2:58 of 2nd period - Shot by Kasperi Kapanen.
2:58 of 2nd period - Goal by Kasperi Kapanen - Lightnings : 1 - Canadiens : 2.
2:59 of 2nd period - Auston Matthews wins face-off versus Vincent Trocheck in neutral zone.
3:08 of 2nd period - Vincent Trocheck is hit by Zach Hyman and loses puck.
3:14 of 2nd period - Minor Penalty to Vincent Trocheck for Hooking.
3:15 of 2nd period - Adam Henrique wins face-off versus Evgeny Kuznetsov in Lightnings zone.
3:28 of 2nd period - Evgeny Kuznetsov is hit by Adam Henrique and loses puck.
3:39 of 2nd period - Shot by Victor Hedman.
3:39 of 2nd period - Deflect By Travis Zajac.
3:39 of 2nd period - Shot Misses the Net.
3:41 of 2nd period - Shot by MacKenzie Weegar.
3:41 of 2nd period - Stopped by Cam Talbot without a rebound.
3:42 of 2nd period - Evgeny Kuznetsov wins face-off versus Auston Matthews in Canadiens zone.
3:53 of 2nd period - Jani Hakanpaa is hit by Jonathan Huberdeau and loses puck.
4:17 of 2nd period - Icing by Auston Matthews.
4:18 of 2nd period - Travis Zajac wins face-off versus Auston Matthews in Canadiens zone.
4:19 of 2nd period - Shot by MacKenzie Weegar.
4:19 of 2nd period - Shot Blocked by Jake Muzzin.
4:24 of 2nd period - Icing by Mitch Marner.
4:25 of 2nd period - Auston Matthews wins face-off versus Evgeny Kuznetsov in Canadiens zone.
4:42 of 2nd period - Shot by Jonathan Huberdeau.
4:42 of 2nd period - Shot Misses the Net.
4:44 of 2nd period - Shot by Jake Muzzin.
4:44 of 2nd period - Goal by Jake Muzzin - Lightnings : 1 - Canadiens : 3.
4:45 of 2nd period - Radek Faksa wins face-off versus Vincent Trocheck in neutral zone.
5:07 of 2nd period - Clayton Keller is hit by Matt Niskanen and loses puck.
5:12 of 2nd period - Shot by Adam Henrique.
5:12 of 2nd period - Stopped by Andrei Vasilevskiy without a rebound.
5:13 of 2nd period - Evgeny Kuznetsov wins face-off versus Luke Kunin in Lightnings zone.
5:37 of 2nd period - Shot by Luke Kunin.
5:37 of 2nd period - Shot Misses the Net.
5:46 of 2nd period - John Carlson is hit by Victor Hedman and loses puck.
7:29 of 2nd period - Shot by Nick Suzuki.
7:29 of 2nd period - Stopped by Cam Talbot without a rebound.
7:30 of 2nd period - Radek Faksa wins face-off versus David Perron in Canadiens zone.
7:30 of 2nd period - Radek Faksa is hit by Josh Anderson.
7:39 of 2nd period - Clayton Keller is hit by Jani Hakanpaa and loses puck.
8:03 of 2nd period - Minor Penalty to Josh Anderson for Goalie Interference.
8:04 of 2nd period - Auston Matthews wins face-off versus Evgeny Kuznetsov in Lightnings zone.
8:15 of 2nd period - Shot by Mitch Marner.
8:15 of 2nd period - Shot Blocked by Victor Hedman.
8:17 of 2nd period - Shot by John Carlson.
8:17 of 2nd period - Shot Misses the Net.
8:19 of 2nd period - Shot by Morgan Rielly.
8:19 of 2nd period - Stopped by Andrei Vasilevskiy with a rebound.
8:21 of 2nd period - Shot by Morgan Rielly.
8:21 of 2nd period - Stopped by Andrei Vasilevskiy with a rebound.
8:23 of 2nd period - Shot by Morgan Rielly.
8:23 of 2nd period - Shot Misses the Net.
8:25 of 2nd period - Shot by Auston Matthews.
8:25 of 2nd period - Shot Misses the Net.
8:27 of 2nd period - Shot by John Carlson.
8:27 of 2nd period - Stopped by Andrei Vasilevskiy without a rebound.
8:28 of 2nd period - Travis Zajac wins face-off versus Adam Henrique in Lightnings zone.
8:32 of 2nd period - Off-side.
8:33 of 2nd period - Adam Henrique wins face-off versus Travis Zajac in neutral zone.
9:01 of 2nd period - Shot by Clayton Keller.
9:01 of 2nd period - Stopped by Andrei Vasilevskiy without a rebound.
9:02 of 2nd period - Evgeny Kuznetsov wins face-off versus Auston Matthews in Lightnings zone.
9:15 of 2nd period - Shot by Morgan Rielly.
9:15 of 2nd period - Shot Misses the Net.
9:17 of 2nd period - Shot by Morgan Rielly.
9:17 of 2nd period - Stopped by Andrei Vasilevskiy without a rebound.
9:18 of 2nd period - Adam Henrique wins face-off versus Evgeny Kuznetsov in Lightnings zone.
9:19 of 2nd period - Shot by Jake Muzzin.
9:19 of 2nd period - Stopped by Andrei Vasilevskiy with a rebound.
9:21 of 2nd period - Shot by Adam Henrique.
9:21 of 2nd period - Shot Blocked by Jesper Fast.
10:09 of 2nd period - Shot by Luke Kunin.
10:09 of 2nd period - Shot Blocked by Victor Hedman.
10:12 of 2nd period - Luke Kunin is hit by Victor Hedman and loses puck.
10:17 of 2nd period - Shot by Brandon Tanev.
10:17 of 2nd period - Stopped by Andrei Vasilevskiy without a rebound.
10:18 of 2nd period - Timo Meier wins face-off versus Lucas Wallmark in Lightnings zone.
10:22 of 2nd period - Off-side.
10:23 of 2nd period - Lucas Wallmark wins face-off versus Evgeny Kuznetsov in neutral zone.
10:46 of 2nd period - Shot by Artemi Panarin.
10:46 of 2nd period - Stopped by Cam Talbot without a rebound.
10:47 of 2nd period - Auston Matthews wins face-off versus Nick Suzuki in Canadiens zone.
11:11 of 2nd period - Shot by Nick Suzuki.
11:11 of 2nd period - Stopped by Cam Talbot without a rebound.
11:12 of 2nd period - Brayden Schenn wins face-off versus Artemi Panarin in Canadiens zone.
11:12 of 2nd period - Brayden Schenn is hit by Timo Meier.
12:13 of 2nd period - Artemi Panarin is hit by Matt Roy and loses puck.
12:46 of 2nd period - Shot by Auston Matthews.
12:46 of 2nd period - Stopped by Andrei Vasilevskiy without a rebound.
12:47 of 2nd period - Nick Suzuki wins face-off versus Radek Faksa in Lightnings zone.
13:21 of 2nd period - Shot by Adam Henrique.
13:21 of 2nd period - Stopped by Andrei Vasilevskiy without a rebound.
13:22 of 2nd period - Travis Zajac wins face-off versus Brayden Schenn in Lightnings zone.
13:29 of 2nd period - Shot by Jonathan Huberdeau.
13:29 of 2nd period - Stopped by Andrei Vasilevskiy with a rebound.
13:35 of 2nd period - Shot by Brayden Schenn.
13:35 of 2nd period - Deflect By Jonathan Huberdeau.
13:35 of 2nd period - Shot Misses the Net.
13:45 of 2nd period - Shot by Kasperi Kapanen.
13:45 of 2nd period - Deflect By Jonathan Huberdeau.
13:45 of 2nd period - Shot Blocked by Jani Hakanpaa.
13:47 of 2nd period - Shot by Jonathan Huberdeau.
13:47 of 2nd period - Stopped by Andrei Vasilevskiy with a rebound.
13:49 of 2nd period - Shot by Kasperi Kapanen.
13:49 of 2nd period - Shot Blocked by Patrik Nemeth.
13:51 of 2nd period - Shot by Kasperi Kapanen.
13:51 of 2nd period - Shot Misses the Net.
13:57 of 2nd period - Shot by Kasperi Kapanen.
13:57 of 2nd period - Goal by Kasperi Kapanen - Lightnings : 1 - Canadiens : 4.
13:58 of 2nd period - Auston Matthews wins face-off versus Brandon Saad in neutral zone.
15:00 of 2nd period - Adam Henrique is hit by Jani Hakanpaa and loses puck.
15:07 of 2nd period - Shot by Josh Anderson.
15:07 of 2nd period - Stopped by Cam Talbot without a rebound.
15:08 of 2nd period - Evgeny Kuznetsov wins face-off versus Brayden Schenn in Canadiens zone.
15:09 of 2nd period - Shot by Timo Meier.
15:09 of 2nd period - Stopped by Cam Talbot with a rebound.
16:10 of 2nd period - Kasperi Kapanen is hit by Josh Anderson and loses puck.
16:12 of 2nd period - Minor Penalty to Josh Anderson for Interference.
16:13 of 2nd period - Adam Henrique wins face-off versus Travis Zajac in Lightnings zone.
16:14 of 2nd period - Shot by Morgan Rielly.
16:14 of 2nd period - Stopped by Andrei Vasilevskiy without a rebound.
16:15 of 2nd period - Travis Zajac wins face-off versus Adam Henrique in Lightnings zone.
16:28 of 2nd period - Shot by John Carlson.
16:28 of 2nd period - Shot Blocked by Matt Niskanen.
16:30 of 2nd period - Shot by Clayton Keller.
16:30 of 2nd period - Shot Blocked by Matt Niskanen.
16:32 of 2nd period - Shot by John Carlson.
16:32 of 2nd period - Shot Misses the Net.
16:34 of 2nd period - Shot by John Carlson.
16:34 of 2nd period - Stopped by Andrei Vasilevskiy without a rebound.
16:35 of 2nd period - Evgeny Kuznetsov wins face-off versus Auston Matthews in Lightnings zone.
16:46 of 2nd period - Shot by Jake Muzzin.
16:46 of 2nd period - Stopped by Andrei Vasilevskiy without a rebound.
16:47 of 2nd period - Adam Henrique wins face-off versus Evgeny Kuznetsov in Lightnings zone.
16:50 of 2nd period - Shot by Brayden Schenn.
16:50 of 2nd period - Shot Blocked by Matt Niskanen.
16:52 of 2nd period - Shot by Jake Muzzin.
16:52 of 2nd period - Shot Misses the Net.
17:22 of 2nd period - Shot by Jake Muzzin.
17:22 of 2nd period - Stopped by Andrei Vasilevskiy with a rebound.
18:06 of 2nd period - Icing by Auston Matthews.
18:07 of 2nd period - Auston Matthews wins face-off versus Evgeny Kuznetsov in Canadiens zone.
18:28 of 2nd period - Shot by Brandon Saad.
18:28 of 2nd period - Shot Misses the Net.
18:30 of 2nd period - Shot by Vincent Trocheck.
18:30 of 2nd period - Deflect By Brandon Saad.
18:30 of 2nd period - Shot Misses the Net.
18:32 of 2nd period - Shot by Vincent Trocheck.
18:32 of 2nd period - Stopped by Cam Talbot without a rebound.
18:33 of 2nd period - Nick Suzuki wins face-off versus Auston Matthews in Canadiens zone.
18:50 of 2nd period - Shot by Nick Suzuki.
18:50 of 2nd period - Stopped by Cam Talbot with a rebound.
19:55 of 2nd period - Icing by Jake Muzzin.
19:56 of 2nd period - Radek Faksa wins face-off versus Travis Zajac in Canadiens zone.
Goals for this period are 0 for Lightnings vs 3 for Canadiens.
Shots for this period are 8 for Lightnings vs 20 for Canadiens.

3rd period


0:01 of 3rd period - Travis Zajac wins face-off versus Auston Matthews in neutral zone.
0:03 of 3rd period - Shea Theodore is hit by Jake Muzzin and loses puck.
0:22 of 3rd period - Shot by Mitch Marner.
0:22 of 3rd period - Deflect By Auston Matthews.
0:22 of 3rd period - Shot Misses the Net.
0:25 of 3rd period - Minor Penalty to Zach Hyman for High sticking.
0:26 of 3rd period - Vincent Trocheck wins face-off versus Radek Faksa in Canadiens zone.
0:55 of 3rd period - Shot by Artemi Panarin.
0:55 of 3rd period - Deflect By Sam Reinhart.
0:55 of 3rd period - Shot Misses the Net.
1:58 of 3rd period - Off-side.
1:59 of 3rd period - Lucas Wallmark wins face-off versus Vincent Trocheck in neutral zone.
2:16 of 3rd period - Kasperi Kapanen is hit by Vincent Trocheck and loses puck.
2:27 of 3rd period - Shot by Auston Matthews.
2:27 of 3rd period - Shot Misses the Net.
2:38 of 3rd period - Shot by John Carlson.
2:38 of 3rd period - Stopped by Andrei Vasilevskiy without a rebound.
2:39 of 3rd period - Radek Faksa wins face-off versus Travis Zajac in Lightnings zone.
2:58 of 3rd period - Shot by Jesper Fast.
2:58 of 3rd period - Stopped by Cam Talbot without a rebound.
2:59 of 3rd period - Auston Matthews wins face-off versus Evgeny Kuznetsov in Canadiens zone.
2:59 of 3rd period - Auston Matthews is hit by Timo Meier.
3:41 of 3rd period - Shot by Timo Meier.
3:41 of 3rd period - Shot Misses the Net.
3:43 of 3rd period - Shot by MacKenzie Weegar.
3:43 of 3rd period - Shot Misses the Net.
4:10 of 3rd period - Shot by Brayden Schenn.
4:10 of 3rd period - Shot Blocked by Brandon Saad.
4:12 of 3rd period - Shot by Brandon Carlo.
4:12 of 3rd period - Shot Misses the Net.
4:20 of 3rd period - Shot by Kasperi Kapanen.
4:20 of 3rd period - Stopped by Andrei Vasilevskiy without a rebound.
4:21 of 3rd period - Radek Faksa wins face-off versus David Perron in Lightnings zone.
4:26 of 3rd period - Shot by Clayton Keller.
4:26 of 3rd period - Shot Misses the Net.
4:32 of 3rd period - Shot by Adam Henrique.
4:32 of 3rd period - Shot Misses the Net.
4:34 of 3rd period - Shot by John Carlson.
4:34 of 3rd period - Shot Misses the Net.
4:36 of 3rd period - Shot by Clayton Keller.
4:36 of 3rd period - Shot Misses the Net.
5:03 of 3rd period - Icing by Patrik Nemeth.
5:04 of 3rd period - Brayden Schenn wins face-off versus David Perron in Lightnings zone.
5:10 of 3rd period - David Perron is hit by Brandon Carlo and loses puck.
5:32 of 3rd period - Minor Penalty to Shea Theodore for Tripping.
5:33 of 3rd period - Auston Matthews wins face-off versus Jesper Fast in Lightnings zone.
5:34 of 3rd period - Shot by John Carlson.
5:34 of 3rd period - Stopped by Andrei Vasilevskiy without a rebound.
5:35 of 3rd period - Evgeny Kuznetsov wins face-off versus Adam Henrique in Lightnings zone.
5:42 of 3rd period - Icing by Adam Henrique.
5:43 of 3rd period - Adam Henrique wins face-off versus Evgeny Kuznetsov in Canadiens zone.
5:52 of 3rd period - Shot by John Carlson.
5:52 of 3rd period - Shot Misses the Net.
5:54 of 3rd period - Shot by Morgan Rielly.
5:54 of 3rd period - Deflect By Clayton Keller.
5:54 of 3rd period - Shot Blocked by Jesper Fast.
5:56 of 3rd period - Shot by Morgan Rielly.
5:56 of 3rd period - Stopped by Andrei Vasilevskiy without a rebound.
5:57 of 3rd period - Auston Matthews wins face-off versus Travis Zajac in Lightnings zone.
6:23 of 3rd period - Shot by Mitch Marner.
6:23 of 3rd period - Shot Misses the Net.
6:29 of 3rd period - Shot by Jonathan Huberdeau.
6:29 of 3rd period - Deflect By Mitch Marner.
6:29 of 3rd period - Shot Misses the Net.
7:05 of 3rd period - Adam Henrique is hit by Jani Hakanpaa and loses puck.
7:29 of 3rd period - Shot by Zach Hyman.
7:29 of 3rd period - Stopped by Andrei Vasilevskiy without a rebound.
7:30 of 3rd period - Clayton Keller wins face-off versus Evgeny Kuznetsov in Lightnings zone.
7:33 of 3rd period - Shot by Morgan Rielly.
7:33 of 3rd period - Stopped by Andrei Vasilevskiy without a rebound.
7:34 of 3rd period - Lucas Wallmark wins face-off versus Evgeny Kuznetsov in Lightnings zone.
7:37 of 3rd period - Shot by Lucas Wallmark.
7:37 of 3rd period - Shot Misses the Net.
8:45 of 3rd period - Minor Penalty to Victor Hedman for Tripping.
8:46 of 3rd period - Adam Henrique wins face-off versus Travis Zajac in Lightnings zone.
9:03 of 3rd period - Zach Hyman is hit by Nick Suzuki and loses puck.
9:12 of 3rd period - Shot by Brayden Schenn.
9:12 of 3rd period - Deflect By Clayton Keller.
9:12 of 3rd period - Shot Misses the Net.
9:14 of 3rd period - Shot by Jake Muzzin.
9:14 of 3rd period - Stopped by Andrei Vasilevskiy without a rebound.
9:15 of 3rd period - Auston Matthews wins face-off versus Evgeny Kuznetsov in Lightnings zone.
9:28 of 3rd period - Shot by Mitch Marner.
9:28 of 3rd period - Shot Blocked by Jesper Fast.
9:48 of 3rd period - Icing by Morgan Rielly.
9:49 of 3rd period - Auston Matthews wins face-off versus Travis Zajac in Canadiens zone.
10:04 of 3rd period - Shot by Auston Matthews.
10:04 of 3rd period - Goal by Auston Matthews - Lightnings : 1 - Canadiens : 5.
10:05 of 3rd period - Vincent Trocheck wins face-off versus Radek Faksa in neutral zone.
10:07 of 3rd period - Shea Theodore is hit by Jake Muzzin and loses puck.
10:44 of 3rd period - Shot by Sam Reinhart.
10:44 of 3rd period - Stopped by Cam Talbot without a rebound.
10:45 of 3rd period - Nick Suzuki wins face-off versus Lucas Wallmark in Canadiens zone.
11:11 of 3rd period - Shot by David Perron.
11:11 of 3rd period - Shot Blocked by Matt Roy.
11:18 of 3rd period - Shot by Josh Anderson.
11:18 of 3rd period - Stopped by Cam Talbot with a rebound.
11:20 of 3rd period - Shot by Matt Niskanen.
11:20 of 3rd period - Shot Blocked by Matt Roy.
11:31 of 3rd period - Icing by Matt Niskanen.
11:32 of 3rd period - Brayden Schenn wins face-off versus Nick Suzuki in Lightnings zone.
11:35 of 3rd period - Shot by Kasperi Kapanen.
11:35 of 3rd period - Stopped by Andrei Vasilevskiy without a rebound.
11:36 of 3rd period - Sam Reinhart wins face-off versus Auston Matthews in Lightnings zone.
11:36 of 3rd period - Sam Reinhart is hit by Zach Hyman.
12:59 of 3rd period - Shot by Timo Meier.
12:59 of 3rd period - Shot Misses the Net.
14:03 of 3rd period - Shot by Adam Henrique.
14:03 of 3rd period - Stopped by Andrei Vasilevskiy without a rebound.
14:04 of 3rd period - Luke Kunin wins face-off versus Vincent Trocheck in Lightnings zone.
14:11 of 3rd period - Shot by Brandon Tanev.
14:11 of 3rd period - Stopped by Andrei Vasilevskiy without a rebound.
14:12 of 3rd period - Vincent Trocheck wins face-off versus Mitch Marner in Lightnings zone.
14:12 of 3rd period - Vincent Trocheck is hit by Mitch Marner.
14:20 of 3rd period - Shot by Auston Matthews.
14:20 of 3rd period - Shot Misses the Net.
14:35 of 3rd period - Icing by Auston Matthews.
14:36 of 3rd period - Auston Matthews wins face-off versus Nick Suzuki in Canadiens zone.
14:52 of 3rd period - Icing by Brandon Carlo.
14:53 of 3rd period - Evgeny Kuznetsov wins face-off versus Auston Matthews in Canadiens zone.
15:14 of 3rd period - Shot by Zach Hyman.
15:14 of 3rd period - Shot Blocked by Victor Hedman.
15:26 of 3rd period - Shot by Timo Meier.
15:26 of 3rd period - Shot Misses the Net.
15:33 of 3rd period - Jonathan Huberdeau is hit by Victor Hedman and loses puck.
15:58 of 3rd period - Shot by Jonathan Huberdeau.
15:58 of 3rd period - Stopped by Andrei Vasilevskiy without a rebound.
15:59 of 3rd period - Radek Faksa wins face-off versus Nick Suzuki in Lightnings zone.
16:17 of 3rd period - Icing by Radek Faksa.
16:18 of 3rd period - Radek Faksa wins face-off versus Travis Zajac in Canadiens zone.
16:38 of 3rd period - Icing by Jani Hakanpaa.
16:39 of 3rd period - Travis Zajac wins face-off versus Brayden Schenn in Lightnings zone.
17:06 of 3rd period - Shot by Jonathan Huberdeau.
17:06 of 3rd period - Shot Misses the Net.
18:49 of 3rd period - Off-side.
18:50 of 3rd period - Radek Faksa wins face-off versus Evgeny Kuznetsov in neutral zone.
19:21 of 3rd period - Icing by Matt Niskanen.
19:22 of 3rd period - Brayden Schenn wins face-off versus Evgeny Kuznetsov in Lightnings zone.
19:37 of 3rd period - Shot by Jonathan Huberdeau.
19:37 of 3rd period - Shot Blocked by Matt Niskanen.
Goals for this period are 0 for Lightnings vs 1 for Canadiens.
Shots for this period are 3 for Lightnings vs 12 for Canadiens.